 Dungeon Crawl Stone Soup version 0.18-a0-707-g3781854 (webtiles) character file.

15033 GeneralIdiocy the Destroyer (level 12, -4/75 HPs)
             Began as a Tengu Conjurer on Dec 8, 2015.
             Was an Elder of Vehumet.
             Slain by a spiny frog (14 damage)
             ... on level 2 of the Lair of Beasts.
             The game lasted 01:04:49 (20644 turns).

GeneralIdiocy the Destroyer (Tengu Conjurer)       Turns: 20644, Time: 01:04:50

Health: -4/75      AC:  9    Str: 14    XL:     12   Next: 22%
Magic:  2/19       EV: 19    Int: 18    God:    Vehumet [****..]
Gold:   698        SH:  6    Dex: 17    Spells: 5 memorised, 3 levels left

rFire  . . .     SeeInvis .     b - +0 rod of ignition (7/11)
rCold  . . .     Clarity  .     n - +0 ring mail
rNeg   . . .     SustAt   .     h - +0 buckler
rPois  .         Gourm    .     y - +2 hat
rElec  .         Spirit   .     (no cloak)
rCorr  .         Dismiss  .     O - +0 pair of gloves
rMut   .         Stasis   .     (boots unavailable)
MR     .....                    (no amulet)
Stlth  ++........               G - +5 ring of strength
                                m - ring of wizardry

@: flying quickly and evasively (expiring), quick, not resistant to hostile
enchantments, unstealthy
A: beak, talons 3, able to fly 1
a: Renounce Religion


You were on level 2 of the Lair of Beasts.
You worshipped Vehumet.
Vehumet was greatly pleased with you.
You were not hungry.

You visited 3 branches of the dungeon, and saw 15 of its levels.

You collected 850 gold pieces.
You spent 152 gold pieces at shops.

Inventory:

Hand Weapons
 a - the +8 mace of Jyipucap {freeze, Dex+3 Stlth+}
   (You bought it in a shop on level 11 of the Dungeon)

   It has been specially enchanted to freeze those struck by it, causing extra
   injury to most foes and up to half again as much damage against particularly
   susceptible opponents.
   It can also slow down cold-blooded creatures.
   It affects your dexterity (+3).
   It makes you more stealthy.
Missiles
 x - a throwing net (quivered)
Armour
 h - a +0 buckler (worn)
 n - a +0 ring mail (worn)
 y - a +2 hat (worn)
 D - a cursed +0 shield
 O - a +0 pair of gloves (worn)
Rods
 b - a +0 rod of ignition (7/11) (weapon)
   (You found it on level 4 of the Dungeon)
Jewellery
 j - an uncursed amulet of rage
 m - a ring of wizardry (left hand)
 G - a +5 ring of strength (right hand)
 I - an uncursed ring of protection from cold
Wands
 k - a wand of frost (14)
 l - a wand of paralysis (0)
 w - a wand of cold (0)
 z - a wand of polymorph (9)
 B - a wand of confusion (0)
 C - a wand of polymorph (0)
 J - a wand of slowing (10)
 L - a wand of confusion (17)
 P - a wand of lightning (1)
Scrolls
 p - a scroll of recharging
 A - 3 scrolls of remove curse
 M - 2 scrolls of magic mapping
Potions
 f - a potion of magic
 g - a potion of curing
 o - 2 potions of resistance
 q - 2 potions of cancellation
 r - a potion of berserk rage
 t - a potion of mutation
 F - a potion of brilliance
Books
 d - a book of Callings

   Spells                             Type                      Level
   a - Summon Small Mammal            Summoning                    1
   b - Call Imp                       Summoning                    2
   c - Call Canine Familiar           Summoning                    3
   d - Summon Guardian Golem          Hexes/Summoning              3
   e - Summon Lightning Spire         Summoning/Air                4
   f - Summon Ice Beast               Ice/Summoning                4
 i - a book of Flames

   Spells                             Type                      Level
   a - Flame Tongue                   Conjuration/Fire             1
   b - Throw Flame                    Conjuration/Fire             2
   c - Conjure Flame                  Conjuration/Fire             3
   d - Inner Flame                    Hexes/Fire                   3
   e - Sticky Flame                   Conjuration/Fire             4
   f - Fireball                       Conjuration/Fire             5
 s - a book of Conjurations

   Spells                             Type                      Level
   a - Magic Dart                     Conjuration                  1
   b - Searing Ray                    Conjuration                  2
   c - Dazzling Spray                 Conjuration/Hexes            3
   d - Fulminant Prism                Conjuration/Hexes            4
   e - Iskenderun's Mystic Blast      Conjuration                  4
   f - Iskenderun's Battlesphere      Conjuration/Charms           5
 u - a book of Battle

   Spells                             Type                      Level
   a - Infusion                       Charms                       1
   b - Shroud of Golubria             Charms/Translocation         2
   c - Song of Slaying                Charms                       2
   d - Spectral Weapon                Hexes/Charms                 3
   e - Regeneration                   Charms/Necromancy            3
 v - a book of Maledictions

   Spells                             Type                      Level
   a - Corona                         Hexes                        1
   b - Ensorcelled Hibernation        Hexes/Ice                    2
   c - Confuse                        Hexes                        3
   d - Tukima's Dance                 Hexes                        3
   e - Dazzling Spray                 Conjuration/Hexes            3
 E - a book of Dreams

   Spells                             Type                      Level
   a - Ensorcelled Hibernation        Hexes/Ice                    2
   b - Phase Shift                    Translocation                5
   c - Shadow Creatures               Summoning                    5
   d - Silence                        Hexes/Air                    5
   e - Darkness                       Hexes                        6
   f - Mass Confusion                 Hexes                        6
Miscellaneous
 K - a lamp of fire (inert)
Comestibles
 c - 11 bread rations


   Skills:
 + Level 8.9 Fighting
 + Level 4.9 Maces & Flails
 - Level 7.2 Armour
 + Level 8.5 Dodging
 - Level 2.0 Stealth
 * Level 5.6 Shields
 - Level 4.2 Spellcasting
 - Level 12.0 Conjurations
 - Level 5.0 Hexes
 - Level 3.1 Charms


You had 3 spell levels left.
You knew the following spells:

 Your Spells              Type           Power        Failure   Level  Hunger
a - Magic Dart            Conj           ####         1%          1    None
b - Searing Ray           Conj           #####.       1%          2    ##.....
c - Fulminant Prism       Conj/Hex       ####......   1%          4    ####...
d - Iskenderun's Mystic   Conj           #####...     1%          4    ####...
e - Iskenderun's Battles  Conj/Chrm      ####....     4%          5    ######.


Dungeon Overview and Level Annotations

Branches:
Dungeon (11/15)            Temple (1/1) D:5            Lair (3/8) D:11
  Swamp: Lair:3-6    Shoals: Lair:3-6     Snake: Lair:3-6    Spider: Lair:3-6
    Orc: D:9-12

Altars:
Ashenzari
Cheibriados
Dithmenos
Elyvilon
Fedhas
Gozag
Kikubaaqudgha
Makhleb
Nemelex Xobeh
Okawaru
Pakellas
Qazlal
Ru
Sif Muna
Trog
Vehumet
Xom
Yredelemnul
Zin
The Shining One

Shops:
D:9 (   D:11 :(*

Annotations:
D:8 Erolcha


Innate Abilities, Weirdness & Mutations

You have a beak for a mouth.
You have claws for feet.
You can fly.


Message History

Casting: Searing Ray
Confirm with . or Enter, or press ? or * to list all spells.
Aiming: Magic Dart
Press: ? - help, Shift-Dir - straight line, f/p - yak
Aim: a yak The magic dart hits the spiny frog.
The spiny frog is almost dead.
The spiny frog misses you.
Casting: Magic Dart
Confirm with . or Enter, or press ? or * to list all spells.
Aiming: Magic Dart
Press: ? - help, Shift-Dir - straight line, f/p - yak
Aim: a yak The magic dart hits the spiny frog.
The spiny frog is almost dead.
Your battlesphere fires!
The barrage of energy hits the spiny frog.
The spiny frog is almost dead.
The spiny frog stings you!
You die...

......#.##............#......##
.#............................###
.###......#.......P.##..###......
.# ##.....#.....##..###..###.....
.# ##...P..[.......####.## #.....
.###........PP.......#..## ##.#.#
.#....#P#.#####YY#.#...#.####..##
#..#..####.# #F##....###[##.###.
#......# #.# #.@#...## #..##.##.
#...P..##### #.*...### #...#.#.#
##.##...## #.....P.# ##P......
#..###...# ####....# ##..#...
###.##.#.# ###P## ###....
######## ### #####


You could see a yak, a spiny frog and a friendly battlesphere.

Vanquished Creatures
  Erica (Lair:2)
  A cyclops (D:11)
  2 elephants (Lair:3)
  A black mamba (Lair:3)
  4 spiny frogs
  2 komodo dragons
  A kobold demonologist (D:11)
  A merfolk (D:10)
  11 yaks
  A deep elf mage (D:11)
  2 basilisks (Lair:1)
  Eustachio (D:6)
  A vampire mosquito (D:8)
  A hungry ghost (D:8)
  4 hippogriffs
  A steam dragon (D:11)
  7 orc warriors
  4 water moccasins
  3 phantoms
  2 sky beasts
  5 porcupines
  A necrophage (D:8)
  An ogre (D:7)
  6 centaurs
  4 crocodiles
  3 big kobolds (D:11)
  4 giant frogs
  A gnoll sergeant (D:7)
  The ghost of tedric the Sneak, an amateur KoEn (D:3)
  7 scorpions
  18 killer bees
  A water moccasin skeleton (D:8)
  8 wights
  3 crimson imps
  3 electric eels
  3 giant frog skeletons
  A centaur zombie (D:11)
  6 jellies
  5 orc priests
  15 iguanas
  4 centaur skeletons
  2 hounds (D:4)
  11 orc wizards
  7 worker ants
  2 killer bee zombies (D:8)
  4 sheep (Lair:2)
  3 hound zombies
  A worker ant zombie (D:5)
  12 adders
  7 river rats
  10 gnolls
  2 shadow imps
  An adder zombie (D:10)
  6 worms
  5 giant geckos
  43 orcs
  12 bats
  7 giant cockroaches
  9 goblins
  7 hobgoblins
  10 jackals
  17 kobolds
  5 quokkas
  2 giant gecko skeletons
  2 giant newts
  A jackal skeleton (D:6)
  3 quokka skeletons
  A quokka zombie (D:8)
  4 rats
  A fungus (Lair:2)
348 creatures vanquished.

Vanquished Creatures (collateral kills)
  A hill giant (D:10)
1 creature vanquished.

Vanquished Creatures (others)
  57 fulminant prisms
  2 fungi (Lair:2)
  8 plants (D:11)
67 creatures vanquished.

Grand Total: 416 creatures vanquished

Notes
Turn   | Place    | Note
--------------------------------------------------------------
     0 | D:1      | GeneralIdiocy the Tengu Conjurer began the quest for the Orb.
     0 | D:1      | Reached XP level 1. HP: 10/10 MP: 4/4
   112 | D:1      | Reached XP level 2. HP: 15/15 MP: 1/6
   117 | D:1      | Learned a level 2 spell: Searing Ray
   232 | D:1      | Reached skill level 6 in Conjurations
   843 | D:2      | Reached XP level 3. HP: 19/19 MP: 2/7
   967 | D:2      | Reached skill level 1 in Shields
  1089 | D:2      | Reached skill level 1 in Armour
  1500 | D:2      | Reached XP level 4. HP: 24/24 MP: 4/8
  1955 | D:3      | Noticed tedric's ghost (amateur KoEn)
  2313 | D:3      | Learned a level 4 spell: Fulminant Prism
  2635 | D:3      | Killed tedric's ghost
  2635 | D:3      | Reached skill level 1 in Fighting
  2635 | D:3      | Reached skill level 7 in Conjurations
  2635 | D:3      | Gained mutation: You can fly. [Tengu growth]
  2635 | D:3      | Reached XP level 5. HP: 27/29 MP: 2/9
  2838 | D:4      | Found a snail-covered altar of Cheibriados.
  2841 | D:4      | Found a shattered altar of Ashenzari.
  2842 | D:4      | Found a stormy altar of Qazlal.
  2858 | D:4      | Found a white marble altar of Elyvilon.
  2858 | D:4      | Found a sparkling altar of Nemelex Xobeh.
  3070 | D:4      | Found a deep blue altar of Sif Muna.
  3118 | D:4      | Reached XP level 6. HP: 29/34 MP: 5/10
  3491 | D:4      | Reached skill level 8 in Conjurations
  3903 | D:4      | Reached XP level 7. HP: 34/40 MP: 2/11
  3985 | D:4      | Found an oddly glowing altar of Pakellas.
  4183 | D:5      | Entered Level 5 of the Dungeon
  4278 | D:5      | Identified a +0 rod of ignition (11/11) (You found it on level 4 of the Dungeon)
  4574 | D:5      | Found a staircase to the Ecumenical Temple.
  4582 | D:5      | Found a basalt altar of Yredelemnul.
  4624 | D:5      | Reached skill level 9 in Conjurations
  5098 | Temple   | Entered the Ecumenical Temple
  5141 | Temple   | Became a worshipper of Vehumet
  5349 | D:6      | Reached skill level 1 in Hexes
  5537 | D:6      | Reached XP level 8. HP: 37/46 MP: 2/12
  5790 | D:6      | Noticed Eustachio
  5805 | D:6      | Killed Eustachio
  5815 | D:6      | Learned a level 4 spell: Iskenderun's Mystic Blast
  6648 | D:6      | Reached * piety under Vehumet
  6648 | D:6      | Offered knowledge of Flame Tongue by Vehumet.
  6682 | D:6      | Reached skill level 5 in Armour
  6840 | D:6      | Reached XP level 9. HP: 43/52 MP: 0/13
  7619 | D:7      | Offered knowledge of Sandblast by Vehumet.
  7622 | D:7      | Reached ** piety under Vehumet
  7696 | D:7      | Reached skill level 5 in Shields
  7781 | D:7      | Found a sacrificial altar of Ru.
  7922 | D:6      | Reached skill level 5 in Fighting
  8414 | D:7      | Found a shadowy altar of Dithmenos.
  8897 | D:7      | Offered knowledge of Conjure Flame by Vehumet.
  9130 | D:7      | Reached skill level 5 in Hexes
  9712 | D:8      | Reached XP level 10. HP: 60/60 MP: 6/14
  9729 | D:8      | Reached *** piety under Vehumet
 10761 | D:8      | Noticed Erolcha
 11350 | D:8      | Identified a -3 rod of ignition (10/10) (You found it on level 8 of the Dungeon)
 11495 | D:9      | Found Veapnouss's Antique Weapon Shop.
 11634 | D:9      | Reached skill level 5 in Dodging
 11828 | D:9      | Noticed a hill giant
 11828 | D:9      | Noticed a hill giant
 11837 | D:9      | Noticed a centaur warrior
 12160 | D:9      | Noticed an anubis guard
 12160 | D:9      | a centaur warrior changed into an anubis guard
 12186 | D:10     | Entered Level 10 of the Dungeon
 12395 | D:10     | Reached skill level 10 in Conjurations
 12893 | D:10     | Offered knowledge of Sticky Flame by Vehumet.
 13565 | D:10     | Noticed a hill giant
 13573 | D:10     | Killed a hill giant
 14039 | D:11     | Reached XP level 11. HP: 34/67 MP: 5/18
 14237 | D:11     | Learned a level 5 spell: Iskenderun's Battlesphere
 14321 | D:11     | Found Zojoawo's General Store.
 14418 | D:11     | Reached **** piety under Vehumet
 14418 | D:11     | Reached skill level 1 in Charms
 14893 | D:11     | Reached skill level 11 in Conjurations
 15457 | D:11     | Offered knowledge of Bolt of Magma by Vehumet.
 15520 | D:11     | Found Goigiych's Book Boutique.
 15529 | D:11     | Found a staircase to the Lair.
 15549 | D:11     | Found Diphes's Antique Weapon Shop.
 15557 | D:11     | Bought a faintly glowing mace for 152 gold pieces
 15557 | D:11     | Identified the +8 mace of Jyipucap {freeze, Dex+3 Stlth+} (You bought it in a shop on level 11 of the Dungeon)
 15756 | Lair:1   | Entered Level 1 of the Lair of Beasts
 16288 | D:11     | HP: 3/68 [something (8)]
 16649 | Lair:1   | Reached skill level 1 in Maces & Flails
 19162 | Lair:2   | Noticed Erica
 19174 | Lair:2   | Killed Erica
 19174 | Lair:2   | Reached XP level 12. HP: 52/75 MP: 7/19
 19554 | Lair:2   | Reached skill level 12 in Conjurations
 19587 | Lair:2   | Noticed a five-headed hydra
 20644 | Lair:2   | Slain by a spiny frog

Vault maps used:
D:1:      scummos_arrival_simple_crosswalls
D:3:      first_bread
D:4:      grunt_pakellas_basics, marbit_many_paths,
          minmay_overflow_temple_star_hex
D:5:      minmay_temple_entry_overgrown, basic_altar
D:6:      uniq_eustachio
D:7:      minmay_opposing_rooms, kennysheep_mini_moat, minivault_11,
          nicolae_ru_awakened_eye
D:8:      uniq_erolcha
D:9:      hangedman_cross_cluster, serial_shops, shop_fountains
D:10:     hangedman_fish_farm
D:11:     david_lair_shrubbed, serial_shops, nicolae_shop_trees, shop,
          kennysheep_mini, shop
Temple:   circular_temple_12
Lair:1:   nicolae_quartered_pool_medium, serial_bayou_shore_b
Lair:2:   lemuel_fruit_fields, lemuel_fruit_fields, uniq_erica
Lair:3:   lemuel_fruit_tree

Action                   |  1- 3 |  4- 6 |  7- 9 | 10-12 || total
-------------------------+-------+-------+-------+-------++-------
Melee: Unarmed           |    10 |       |       |       ||    10
       Mace              |    14 |    50 |       |    56 ||   120
       Hand axe          |       |    10 |       |       ||    10
       Spear             |       |    16 |    16 |       ||    32
       Flail             |       |       |   117 |    71 ||   188
Throw: Throwing net      |       |       |       |     3 ||     3
 Cast: Magic Dart        |    43 |    22 |    31 |    43 ||   139
       Searing Ray       |     8 |    22 |    76 |    98 ||   204
       Iskenderun's Myst |       |       |     6 |    27 ||    33
       Fulminant Prism   |       |       |     8 |    49 ||    57
       Iskenderun's Batt |       |       |       |    14 ||    14
 Abil: Fly               |       |     1 |     4 |    18 ||    23
Evoke: Rod               |       |       |     7 |     2 ||     9
       Wand              |       |       |    10 |    21 ||    31
       Lamp of fire      |       |       |       |     1 ||     1
  Use: Scroll            |       |     8 |    10 |    10 ||    28
       Potion            |       |       |       |     6 ||     6
 Stab: Sleeping          |       |       |     1 |       ||     1
       Paralysed         |       |       |    12 |     7 ||    19
       Confused          |       |       |       |     2 ||     2
       Distracted        |       |       |       |     1 ||     1
  Eat: Chunk             |     2 |     8 |    22 |    13 ||    45
       Pizza             |       |     1 |       |     1 ||     2
       Meat ration       |       |     1 |     2 |     5 ||     8
       Beef jerky        |       |       |     1 |     1 ||     2
       Royal jelly       |       |       |     1 |       ||     1
       Fruit             |       |       |       |    14 ||    14
       Bread ration      |       |       |       |     1 ||     1
